 Dungeon Crawl Stone Soup version 0.28-a0-1415-g7c84da036a (webtiles) character file.

Game seed: 3067199589990709660

31 zap2161 the Vexing (level 3, 0/19 HPs)
             Began as a Deep Elf Enchanter on Jan 7, 2022.
             Was a Follower of the Shining One.
             Slain by a quokka (5 damage)
             ... on level 2 of the Dungeon.
             The game lasted 00:09:50 (1273 turns).

zap2161 the Vexing (Deep Elf Enchanter)             Turns: 1273, Time: 00:09:51

Health: 0/19       AC:  2    Str:  5    XL:     3   Next: 7%
Magic:  2/9        EV: 12    Int: 21    God:    the Shining One [*.....]
Gold:   10         SH:  0    Dex: 15    Spells: 5/8 levels left

rFire   . . .      SeeInvis .   a - +1 dagger
rCold   . . .      Faith    .   (no shield)
rNeg    . . .      Spirit   .   b - +0 robe
rPois   .          Reflect  .   (no helmet)
rElec   .          Harm     .   (no cloak)
rCorr   .          Rampage  .   (no gloves)
Will    .....                   (no boots)
Stlth   +.........              (no amulet)
HPRegen 0.06/turn               (no ring)
MPRegen 0.11/turn               (no ring)

@: glowing
A: no striking features
a: Renounce Religion, Divine Shield


You were on level 2 of the Dungeon.
You worshipped the Shining One.
The Shining One was aware of your devotion.
You visited 1 branch of the dungeon, and saw 2 of its levels.

You collected 10 gold pieces.

Inventory:

Hand Weapons
 a - a +1 dagger (weapon)
Missiles
 d - 44 stones (quivered)
 e - 35 arrows
Armour
 b - a +0 robe (worn)
Scrolls
 f - 3 scrolls of identify {unknown}
Potions
 c - a potion of invisibility
 g - 2 potions of haste {unknown}


   Skills:
 * Level 1.2 Short Blades
 * Level 2.6 Dodging
 + Level 4.1 Stealth
 * Level 3.2 Spellcasting
 * Level 4.9 Hexes


You had 5 spell levels left.
You knew the following spells:

 Your Spells              Type           Power      Damage    Failure   Level
a - Ensorcelled Hibernat  Hex/Ice        26%        N/A       7%          2
b - Beastly Appendage     Tmut           6%         N/A       13%         1

Your spell library contained the following spells:

 Spells                   Type           Power      Damage    Failure   Level
 Confusing Touch          Hex            24%        N/A       5%          3
 Tukima's Dance           Hex            24%        N/A       5%          3
 Dazzling Flash           Conj/Hex       26%        N/A       14%         3
 Wereblood                Tmut           3%         N/A       21%         2
 Spider Form              Tmut/Pois      3%         N/A       36%         3


Dungeon Overview and Level Annotations

Branches:
Dungeon (2/15)

Altars:
Dithmenos
The Shining One


Message History

Aim: a quokka (haloed, chance to affect: 64%)
You miscast Ensorcelled Hibernation.
You are very lightly contaminated with residual magic.
Nothing appears to happen.
The quokka closely misses you. The frilled lizard bites you.
Casting: Ensorcelled Hibernation (safe; 7% risk of failure)
Confirm with . or Enter, or press ? or * to list all spells.
Aiming: Ensorcelled Hibernation (safe; 7% risk of failure)
Press: ? - help, Shift-Dir - straight line, f/p - quokka
Aim: a quokka (haloed, chance to affect: 64%)
The quokka resists with significant effort.
The quokka bites you. The frilled lizard closely misses you.
The quokka misses you.
Casting: Ensorcelled Hibernation (safe; 7% risk of failure)
Confirm with . or Enter, or press ? or * to list all spells.
Aiming: Ensorcelled Hibernation (safe; 7% risk of failure)
Press: ? - help, Shift-Dir - straight line, f - frilled lizard, p - quokka
Aim: a frilled lizard (haloed, chance to affect: 64%)
The frilled lizard resists with significant effort.
The frilled lizard bites you. The quokka bites you.
Casting: Ensorcelled Hibernation (safe; 7% risk of failure)
Confirm with . or Enter, or press ? or * to list all spells.
Aiming: Ensorcelled Hibernation (safe; 7% risk of failure)
Press: ? - help, Shift-Dir - straight line, f - quokka, p - frilled lizard
Aim: a quokka (haloed, chance to affect: 64%)
The quokka looks drowsy...
The frilled lizard bites you.
You hit the frilled lizard.
You kill the frilled lizard!
The quokka barely misses you.
You hit the quokka but do no damage. The quokka closely misses you.
You hit the quokka but do no damage. The quokka bites you.
You hit the quokka but do no damage. The quokka completely misses you.
The quokka bites you.
* * * LOW HITPOINT WARNING * * *
Your magical contamination has completely faded away.
You hit the quokka but do no damage.
The quokka bites you but does no damage.
You barely miss the quokka. The quokka closely misses you.
You hit the quokka but do no damage. The quokka bites you.
You die...

.# #..# #+
#. #..# #.
.# #..# ##
.. #..# #
#. #..# #
###.##..# #
....#..# #
..###..#..#
.......#@.#
.......r†.#
......#...#
.$.<. #...#
.... #.....
... ....$##
## .##...#
. ..... #
##..##


You could see a quokka.

Vanquished Creatures
  2 adders (D:2)
  An endoplasm (D:1)
  3 goblins (D:1)
  A ball python (D:1)
  A bat (D:1)
  2 frilled lizards
  3 kobolds (D:1)
  2 rats
15 creatures vanquished.

Notes
Turn   | Place    | Note
-------+----------+-------------------------------------------
     0 | D:1      | zap2161 the Deep Elf Enchanter began the quest for the Orb.
     0 | D:1      | Reached XP level 1. HP: 10/10 MP: 6/6
   118 | D:1      | Found a faded altar of an unknown god.
   122 | D:1      | Prayed at the altar of an unknown god.
   122 | D:1      | Became a worshipper of the Shining One
   122 | D:1      | Reached * piety under the Shining One
   411 | D:1      | Reached XP level 2. HP: 13/15 MP: 8/8
   514 | D:1      | Learned a level 2 spell: Ensorcelled Hibernation
   516 | D:1      | Learned a level 1 spell: Beastly Appendage
  1065 | D:2      | Found a shadowy altar of Dithmenos.
  1181 | D:2      | Reached XP level 3. HP: 19/19 MP: 9/9
  1273 | D:2      | Slain by a quokka

Illustrated notes

Levels and vault maps discovered:
D:1:      erik_arrival_triangle_large, layout_loops_corners,
          basic_ecumenical_altar
D:2:      minmay_diamond_boxcup, layout_basic, basic_altar, minmay_heptomino_l4

Skill      XL: |  1  2 |
---------------+-------+-----
Stealth        | 4 |  4.1
Short Blades   | |  1.2
Dodging        | |  2.6
Spellcasting   | |  3.2
Hexes          | |  4.9

Action                   || total
-------------------------++-------
Melee: Dagger            ||    52
       Kick              ||     2
       Headbutt          ||     1
 Cast: Beastly Appendage ||     1
       Ensorcelled Hiber ||     3
Armor: Robe              ||    10
Dodge: Dodged            ||    35

Table legend: (Time is in decaauts)
 A = Elapsed time spent in this place.
 B = Non-inter-level travel time spent in this place.
 C = Inter-level travel time spent in this place.
 D = Time resting spent in this place.
 E = Time spent auto-exploring this place.
 F = Levels seen in this place.
 G = Mean time per level.
                   A        B        C        D        E       F      G
               +--------+--------+--------+--------+--------+-----+--------+
         Total |   1269 |   1269 |      0 |      0 |      0 |   2 |  634.5 |
       Dungeon |   1269 |   1269 |      0 |      0 |      0 |   2 |  634.5 |
               +--------+--------+--------+--------+--------+-----+--------+

Top non-repeatable levels by time:
     D:1: 1062 daAuts
     D:2: 206 daAuts
